 Dungeon Crawl Stone Soup version 0.28.0-53-g5a82cb258f (webtiles) character file.

Game seed: 3226728617590527998

1995 infcreate the Covert (level 9, 17/45 HPs)
             Began as a Vampire Enchanter on July 7, 2022.
             Quit the game on level 6 of the Dungeon on July 25, 2022.
             The game lasted 00:16:51 (6975 turns).

infcreate the Covert (Vampire Enchanter)            Turns: 6975, Time: 00:16:52

Health: 17/45      AC: 15    Str:  7    XL:     9   Next: 1%
Magic:  8/16       EV: 15    Int: 18    God:
Gold:   123        SH:  0    Dex: 18    Spells: 7/18 levels left

rFire   . . .      SeeInvis +   j - +6 dagger (protect)
rCold   + + .      Faith    .   (no shield)
rNeg    + + +      Spirit   .   b - +1 robe
rPois   ∞          Reflect  .   e - +0 helmet
rElec   .          Harm     .   p - +2 cloak
rCorr   .          Rampage  .   l - +0 pair of gloves
Will    .....                   (no boots)
Stlth   ++++++....              (no amulet)
HPRegen 0.15/turn               (no ring)
MPRegen 0.15/turn               (no ring)

@: under a protective aura, bloodless, studying Unarmed Combat
A: bloodless, fangs 3, see invisible, vampiric 2
a: Bat Form, Revivify


You were on level 6 of the Dungeon.
You visited 1 branch of the dungeon, and saw 6 of its levels.
You also visited: Ossuary.

You collected 272 gold pieces.
You spent 149 gold pieces at shops.


Innate Abilities, Weirdness & Mutations

You do not regenerate when monsters are visible.
You are frail without blood (-20% HP).
You can heal yourself when you bite living creatures.
You are immune to poison.
You have razor-sharp teeth.
You have supernaturally acute eyesight. (SInv)
You are afflicted with vampirism and can become a bat while bloodless.


   Skills:
 + Level 5.7 Short Blades
 + Level 6.1 Dodging
 + Level 9.4 Stealth
 + Level 5.1 Spellcasting
 + Level 8.7 Hexes


You had 7 spell levels left.
You knew the following spells:

 Your Spells              Type           Power      Damage    Failure   Level
c - Confusing Touch       Hex            35%        N/A       1%          3
d - Tukima's Dance        Hex            35%        N/A       1%          3
e - Ensorcelled Hibernat  Hex/Ice        40%        N/A       3%          2
f - Dazzling Flash        Conj/Hex       40%        N/A       7%          3

Your spell library contained the following spells:

 Spells                   Type           Power      Damage    Failure   Level
 Corpse Rot               Necr/Air       8%         N/A       21%         2
 Poisonous Vapours        Pois/Air       8%         N/A       21%         2

Inventory:

Hand Weapons
 j - a +6 dagger of protection (weapon)
Armour
 b - a +1 robe (worn)
 d - +0 steam dragon scales
 e - a +0 helmet (worn)
 l - a +0 pair of gloves (worn)
 p - a +2 cloak (worn)
Wands
 k - a wand of flame (10)
 o - a wand of digging (6)
Scrolls
 f - 3 scrolls of amnesia
 h - 4 scrolls of teleportation {@r2}
 m - 2 scrolls of immolation
Potions
 a - a potion of brilliance {unknown}
 c - 2 potions of invisibility
 g - 3 potions of curing {@q1}
 i - a potion of heal wounds {unknown}
 n - a potion of mutation
 q - 2 potions of flight

Dungeon Overview and Level Annotations

Branches:
Dungeon (6/15)            Ossuary (visited)
 Temple: D:4-7

Altars:

Shops:
D:5 :?:[

Annotations:
D:5 2 transporters

........................#
........................#
........................#
........................#
.........>..............#
........................##
...................(......
.########.###########.....
#@# #..... #
#.###########..... #
#.#.........'..... #
#.#.#########..... #
..#.#......[...... #
####..........#.### #
####.#######.# #
#............# #
#.##.#########


There were no monsters in sight!


Message History

The centaur is almost dead.
The centaur says, "Why is everything spinning?"
You hit the centaur but do no damage. You bite the centaur.
You kill the centaur!
Casting: Confusing Touch (safe; 1% risk of failure)
Confirm with . or Enter, or press ? or * to list all spells.
Your hands begin to glow red.
The steam dragon bites you but does no damage.
The steam dragon claws you but does no damage.
You hit the steam dragon but do no damage.
The steam dragon appears confused.
You bite the steam dragon.
You draw the steam dragon's blood!
You feel better.
The steam dragon is lightly wounded.
The steam dragon bites itself.
The steam dragon claws itself.
You catch the helpless steam dragon completely off-guard!
You bite the steam dragon, and draw its blood!
You feel better.
You impale the steam dragon!!
You kill the steam dragon!
The steam dragon scales are intact enough to wear.
You have reached level 9!
Your experience leads to an increase in your attributes!
Increase (S)trength, (I)ntelligence, or (D)exterity?
You feel agile. x2
Items here: ( ) [ †. d - +0 steam dragon scales Welcome back, infcreate the Vampire Enchanter.
Press ? for a list of commands and other information.
Welcome back, infcreate the Vampire Enchanter.
Press ? for a list of commands and other information.
Are you sure you want to abandon this character and quit the game? (Confirm with "yes".)

Skill      XL: |  1  2  3  4  5  6  7  8 |
---------------+-------------------------+-----
Stealth        | 5 6 7 9 |  9.4
Short Blades   | 2 3 4 5 |  5.7
Hexes          | 5 6 7 8 |  8.7
Dodging        | 3 4 5 6 |  6.1
Spellcasting   | 3 4 5 |  5.1

Action                   |  1- 3 |  4- 6 |  7- 9 || total
-------------------------+-------+-------+-------++-------
Melee: Dagger            |    77 |   112 |   143 ||   332
       Bite              |     5 |     9 |    31 ||    45
       Punch             |       |     1 |     3 ||     4
 Cast: Ensorcelled Hiber |    15 |    17 |     5 ||    37
       Confusing Touch   |     1 |    10 |    24 ||    35
       Tukima's Dance    |       |     5 |       ||     5
 Abil: Exsanguinate      |     1 |       |       ||     1
  Use: Scroll            |       |     7 |     9 ||    16
 Stab: Sleeping          |    23 |    25 |    16 ||    64
       Confused          |     1 |     7 |    18 ||    26
Armor: Robe              |    20 |    24 |    31 ||    75
Dodge: Dodged            |    33 |    62 |    62 ||   157

Levels and vault maps discovered:
D:1:      ldierk_walled_garden, layout_loops_ring,
          dreamdust_ecumenical_altar_sealed_demon, minivault_23
D:2:      layout_loops_corners, corexii_item_surrounded_by_moat,
          grunt_decor_mini_mirrors, uniq_jessica, uniq_crazy_yiuf_cottage
D:3:      layout_basic
D:4:      layout_loops_ring, uniq_grinder
D:5:      gammafunk_wand_slinger, layout_basic, serial_shops,
          nicolae_shop_trees, nicolae_diamond_shop, shop, shop, enter_ossuary_5,
          minmay_manual_mess
D:6:      layout_basic, minmay_misc_feat_iff

Notes
Turn   | Place    | Note
-------+----------+-------------------------------------------
     0 | D:1      | infcreate the Vampire Enchanter began the quest for the
                  | Orb.
     0 | D:1      | Reached XP level 1. HP: 13/13 MP: 3/3
   432 | D:1      | Reached XP level 2. HP: 15/15 MP: 5/5
   435 | D:1      | Learned a level 2 spell: Ensorcelled Hibernation
   556 | D:1      | Found a faded altar of an unknown god.
  1350 | D:2      | Gained mutation: You are afflicted with vampirism and can
                  | become a bat while bloodless. [Vampire growth]
  1350 | D:2      | Reached XP level 3. HP: 19/19 MP: 6/6
  1375 | D:2      | Identified the +0 leather armour of the Lotus Blossom
                  | {Int+4}
  1402 | D:2      | Reached skill level 5 in Stealth
  1684 | D:2      | Learned a level 3 spell: Confusing Touch
  1734 | D:2      | Reached skill level 2 in Short Blades
  1786 | D:2      | Reached skill level 5 in Hexes
  1842 | D:2      | Noticed Jessica
  1849 | D:2      | Killed Jessica
  1850 | D:2      | Reached XP level 4. HP: 24/24 MP: 1/7
  1951 | D:2      | Reached skill level 3 in Dodging
  2049 | D:2      | Found a runed translucent door.
  2050 | D:2      | Noticed Crazy Yiuf
  2394 | D:3      | Noticed an ice beast
  2787 | D:3      | Learned a level 3 spell: Tukima's Dance
  3859 | D:4      | Noticed an orc warrior
  4088 | D:4      | Reached XP level 5. HP: 28/28 MP: 9/9
  4309 | D:4      | Noticed Grinder
  4435 | D:3      | Killed an ice beast
  4436 | D:3      | Reached skill level 6 in Stealth
  4436 | D:3      | Reached skill level 3 in Spellcasting
  4525 | D:2      | Killed Crazy Yiuf
  4526 | D:2      | Reached skill level 3 in Short Blades
  4526 | D:2      | Reached XP level 6. HP: 32/32 MP: 3/10
  4530 | D:2      | Learned a level 3 spell: Dazzling Flash
  4787 | D:4      | Reached skill level 6 in Hexes
  4908 | D:4      | Killed an orc warrior
  4909 | D:4      | Reached skill level 4 in Dodging
  5124 | D:5      | Entered Level 5 of the Dungeon
  5206 | D:5      | Found Eckuyc's Book Boutique.
  5245 | D:5      | Reached XP level 7. HP: 36/36 MP: 8/12
  5263 | D:5      | Noticed a hornet
  5271 | D:5      | Found a transporter.
  5370 | D:5      | Found a sand-covered staircase.
  5375 | Ossuary  | Entered an ossuary
  5446 | Ossuary  | Reached skill level 7 in Stealth
  5607 | Ossuary  | Reached skill level 4 in Short Blades
  5762 | Ossuary  | Reached skill level 4 in Spellcasting
  5762 | Ossuary  | Reached skill level 7 in Hexes
  5874 | Ossuary  | Reached skill level 5 in Dodging
  5874 | Ossuary  | Reached XP level 8. HP: 41/41 MP: 14/14
  5987 | D:5      | Found a transporter.
  6020 | D:5      | Found Nipicus's Magic Scroll Shoppe.
  6029 | D:5      | Reached skill level 8 in Stealth
  6030 | D:5      | Bought a scroll of enchant weapon for 97 gold pieces
  6030 | D:5      | Bought a scroll of identify for 26 gold pieces
  6030 | D:5      | Bought a scroll of identify for 26 gold pieces
  6048 | D:5      | Found Tecunt's Book Shop.
  6092 | D:5      | Found Yqymeb's Armour Emporium.
  6131 | D:5      | Identified the +1 scale mail "Ysapnicu" {rF+ Int+2 Stlth-}
  6487 | D:5      | Killed a hornet
  6488 | D:5      | Reached skill level 5 in Short Blades
  6488 | D:5      | Reached skill level 8 in Hexes
  6610 | D:4      | Killed Grinder
  6611 | D:4      | Reached skill level 9 in Stealth
  6896 | D:6      | Reached skill level 6 in Dodging
  6896 | D:6      | Reached skill level 5 in Spellcasting
  6973 | D:6      | Reached XP level 9. HP: 17/45 MP: 8/16
  6975 | D:6      | Quit the game

Vanquished Creatures
  Grinder (D:4)
  A hornet (D:5)
  A steam dragon (D:6)
  A water moccasin (D:6)
  An orc warrior (D:4)
  2 ice beasts
  A centaur (D:6)
  A phantom (D:4)
  6 scorpions
  A jelly (D:5)
  3 centaur zombies
  A centaur skeleton (D:6)
  A hound (D:5)
  Crazy Yiuf (D:2)
  A human zombie (Ossuary)
  3 bullfrog skeletons
  Jessica (D:2)
  An iguana (D:6)
  2 scorpion zombies (Ossuary)
  2 hound skeletons
  3 mummies (Ossuary)
  A howler monkey zombie (D:5)
  6 adders
  A white imp (D:6)
  6 orcs
  2 bats
  9 endoplasms
  2 giant cockroaches
  7 hobgoblins
  7 jackals
  4 quokkas
  7 ball pythons
  3 frilled lizards (D:2)
  6 goblins
  2 goblin zombies (Ossuary)
  2 hobgoblin zombies (Ossuary)
  6 kobolds
  3 kobold zombies (Ossuary)
  2 orc zombies (Ossuary)
  6 rats
117 creatures vanquished.

Vanquished Creatures (collateral kills)
  An orc (D:4)
1 creature vanquished.

Vanquished Creatures (others)
  A dancing weapon (D:4)
  5 toadstools (D:1)
6 creatures vanquished.

Grand Total: 124 creatures vanquished

Table legend: (Time is in decaauts)
 A = Elapsed time spent in this place.
 B = Non-inter-level travel time spent in this place.
 C = Inter-level travel time spent in this place.
 D = Time resting spent in this place.
 E = Time spent auto-exploring this place.
 F = Levels seen in this place.
 G = Mean time per level.
                   A        B        C        D        E       F      G
               +--------+--------+--------+--------+--------+-----+--------+
         Total |   6935 |   6283 |    652 |    413 |   4425 |   7 |  990.7 |
       Dungeon |   6401 |   5749 |    652 |    338 |   4164 |   6 | 1066.8 |
       Ossuary |    534 |    534 |      0 |     75 |    261 |   1 |  534.0 |
               +--------+--------+--------+--------+--------+-----+--------+

Top non-repeatable levels by time:
     D:3: 1658 daAuts
     D:2: 1309 daAuts
     D:1: 1173 daAuts
     D:4: 1162 daAuts
     D:5: 764 daAuts
 Ossuary: 534 daAuts
     D:6: 334 daAuts

Table legend:
 A = Non-vault XP
 B = Vault XP
 C = Vault XP percentage of total XP
 D = Non-vault monster count
 E = Vault monster count
 F = Vault count percentage of total count
                 A         B        C        D         E       F
            +---------+---------+-------+---------+---------+-------
      Total |    1382 |    1468 |  51.5 |      90 |      28 |  23.7
            +---------+---------+-------+---------+---------+-------
        D:1 |      35 |       0 |   0.0 |      21 |       0 |   0.0
        D:2 |      50 |      78 |  60.9 |      16 |       2 |  11.1
        D:3 |     178 |       0 |   0.0 |      19 |       0 |   0.0
        D:4 |     318 |     295 |  48.1 |      19 |       1 |   5.0
        D:5 |     285 |     416 |  59.3 |       7 |       3 |  30.0
        D:6 |     516 |       0 |   0.0 |       8 |       0 |   0.0
    Ossuary |       0 |     679 | 100.0 |       0 |      22 | 100.0
            +---------+---------+-------+---------+---------+-------
